[Event "*** SCC Grand Prix: Titled Tuesday Blitz"]
[Site "Chess.com"]
[Date "2020.06.23"]
[Round "6"]
[White "SilviusTiberius"]
[Black "dennisodessa"]
[Result "0-1"]
[WhiteElo "2402"]
[BlackElo "2269"]
[TimeControl "180+1"]
[EndTime "11:06:11 PDT"]
[Termination "dennisodessa won by resignation"]

1. e4 e6 2. Qe2 c5 3. g3 Nc6 4. c3 g6 5. Bg2 Bg7 6. h4 Nge7 7. h5 d5 8. h6 Bf6 9. d3 O-O 10. f4 b5 11. e5 Bh8 12. a4 bxa4 13.
Rxa4 f6 14. Nf3 fxe5 15. Nxe5 Nxe5 16. fxe5 Nf5 17. Bf4 Qb6 18. O-O Rb8 19. Nd2 Qxb2 20. Rxa7 Qxc3 21. Qg4 Rb7 22. Ra8 Bxe5 23. Nf3 Bf6 24.
Ng5 e5 25. Bxd5+ Kh8 26. Ne4 Qd4+ 27. Rf2 Rb1+ 28. Kg2 exf4 29. Nxf6 fxg3 30. Rxc8 Qxf2+ 0-1

[Event "*** SCC Grand Prix: Titled Tuesday Blitz"]
[Site "Chess.com"]
[Date "2020.06.23"]
[Round "6"]
[White "metalbattler"]
[Black "Kislov_Oleg"]
[Result "0-1"]
[WhiteElo "2118"]
[BlackElo "2382"]
[TimeControl "180+1"]
[EndTime "11:06:11 PDT"]
[Termination "Kislov_Oleg won on time"]

1. d4 Nf6 2. Bf4 d5 3. e3 e6 4. c3 c5 5. Nd2 Nc6 6. Ngf3 Bd6 7. Bg3 O-O 8. Bd3 b6 9. Ne5 Bb7 10. f4 g6 11. Bh4 Be7 12. Ndf3 Ne4 13. Bxe7 Qxe7 14.
O-O f6 15. Nxc6 Bxc6 16. Nd2 Nxd2 17. Qxd2 e5 18. fxe5 fxe5 19. Rxf8+ Rxf8 20. Rf1 Rxf1+ 21. Kxf1 Qg5 22. Qe2 Kg7 23. h3 h5 24. Kg1 h4 25.
Qf2 Bd7 26. Kh2 e4 27. Be2 Bf5 28. b4 Qe7 29. a3 cxb4 30. cxb4 a5 31. bxa5 bxa5 32.
Qf4 Qxa3 33. Qe5+ Kh7 0-1

[Event "*** SCC Grand Prix: Titled Tuesday Blitz"]
[Site "Chess.com"]
[Date "2020.06.23"]
[Round "6"]
[White "Brave_spirit12"]
[Black "doctorcristian"]
[Result "1-0"]
[WhiteElo "2326"]
[BlackElo "2417"]
[TimeControl "180+1"]
[EndTime "11:06:12 PDT"]
[Termination "Brave_spirit12 won by resignation"]

1. e4 e6 2. d4 d5 3. Nd2 Nf6 4. Bd3 c5 5. c3 Nc6 6. Ngf3 Be7 7. O-O cxd4 8. cxd4 Nb4 9. Bb1 Bd7 10. Re1 dxe4 11. Nxe4 Nbd5 12. Bg5 O-O 13. Qd3 Nxe4 14. Bxe7 Nxe7 15.
Qxe4 g6 16. Bd3 Bc6 17. Qf4 Bxf3 18. Qxf3 Qxd4 19. Qxb7 Qxd3 20. Qxe7 Qa6 21. a3 Rab8 22. b4 Rb7 23. Qf6 Rd7 24. h4 Rd5 25. Re5 Rfd8 26. Rae1 Qd6 27. h5 Rxe5 28. Rxe5 Qf8 29. Rc5 Rd1+ 30.
Kh2 Qd8 31. Qxd8+ Rxd8 32. h6 Kf8 33. Rc7 a5 34. bxa5 Rd5 35. a6 Ra5 36. a7 Ke8 37. Rc8+ Kd7 38. a8=Q Rxa8 39. Rxa8 1-0

[Event "*** SCC Grand Prix: Titled Tuesday Blitz"]
[Site "Chess.com"]
[Date "2020.06.23"]
[Round "6"]
[White "Mr_Sinigami"]
[Black "picturesquecheck"]
[Result "0-1"]
[WhiteElo "2576"]
[BlackElo "2107"]
[TimeControl "180+1"]
[EndTime "11:06:12 PDT"]
[Termination "picturesquecheck won on time"]

1. d4 Nf6 2. Nf3 e6 3. Bf4 d5 4. e3 Bd6 5. Bg3 O-O 6. Nbd2 c5 7. c3 Qc7 8. Ne5 Nbd7 9. f4 b6 10. Bd3 Bb7 11. Qb1 h6 12. O-O Rac8 13. Bh4 a6 14. Rf3 b5 15. g4 Bxe5 16. fxe5 Nxg4 17. Rg3 h5 18. h3 Nh6 19. Qd1 Nxe5 20. dxe5 Qxe5 21.
Qf1 d4 22. e4 dxc3 23. bxc3 Kh8 24. Rc1 f5 25. Nf3 Qf4 26. e5 Be4 27. Be2 Bxf3 28. Bxf3 Qxh4 29. Qf2 f4 30. Rg2 Qxf2+ 31. Kxf2 Nf5 32.
Rg5 Ng3 0-1

[Event "*** SCC Grand Prix: Titled Tuesday Blitz"]
[Site "Chess.com"]
[Date "2020.06.23"]
[Round "6"]
[White "AlanTate"]
[Black "1f3_2g41-0"]
[Result "1-0"]
[WhiteElo "2437"]
[BlackElo "2234"]
[TimeControl "180+1"]
[EndTime "11:06:14 PDT"]
[Termination "AlanTate won on time"]

1. d4 Nf6 2. c4 g6 3. Nc3 d5 4. cxd5 Nxd5 5. Bd2 Bg7 6. e4 Nxc3 7. Bxc3 O-O 8. Qd2 c6 9. h4 Be6 10. h5 f5 11. e5 Nd7 12. Ne2 Bd5 13. hxg6 hxg6 14. Nf4 Qe8 15. Qe3 e6 16. Qg3 c5 17.
Nxg6 f4 18. Qg5 cxd4 19. Bd3 Nc5 20. Ne7+ Qxe7 21. Qxe7 Nxd3+ 22. Kd2 Nxe5 23. Qh4 dxc3+ 24. bxc3 Rad8 25. Kc2 Be4+ 26. Kb3 Bd5+ 27. Kb4 a5+ 28. Ka3 Nc4+ 29. Ka4 b5+ 30. Kb3 a4+ 31. Kb4 1-0

[Event "*** SCC Grand Prix: Titled Tuesday Blitz"]
[Site "Chess.com"]
[Date "2020.06.23"]
[Round "6"]
[White "Efremov_Vlad"]
[Black "winniethepooh04"]
[Result "1-0"]
[WhiteElo "2198"]
[BlackElo "1194"]
[TimeControl "180+1"]
[EndTime "11:06:14 PDT"]
[Termination "Efremov_Vlad won by checkmate"]

1. d4 Nf6 2. c4 g6 3. Nc3 Bg7 4.
e4 d6 5. h3 O-O 6. Bg5 Nbd7 7.
Nf3 c5 8. d5 a6 9. Bd3 Rb8 10. O-O h6 11. Be3 Qc7 12. a4 Nh7 13. Nd2 Ne5 14. Bc2 g5 15. h4 Ng6 16. hxg5 hxg5 17.
Qh5 g4 18. f4 gxf3 19. gxf3 Ne5 20. Kf2 Nf6 21. Qg5 Ng6 22. Rg1 Nh7 23. Qg2 Bf6 24.
f4 Kh8 25. Rh1 Bh4+ 26. Ke2 Rg8 27. Qh2 Bg4+ 28. Kd3 f5 29. Bd1 Bxd1 30. Raxd1 e5 31. Nf3 exf4 32. Bxf4 fxe4+ 33. Nxe4 Nxf4+ 34. Qxf4 Bd8 35. Nfg5 Rg7 36. Rxh7+ Kg8 37. Rdh1 Bxg5 38. Rh8# 1-0

[Event "*** SCC Grand Prix: Titled Tuesday Blitz"]
[Site "Chess.com"]
[Date "2020.06.23"]
[Round "6"]
[White "RobertoJBM"]
[Black "Anton_Demchenko"]
[Result "0-1"]
[WhiteElo "2660"]
[BlackElo "2844"]
[TimeControl "180+1"]
[EndTime "11:06:15 PDT"]
[Termination "Anton_Demchenko won by resignation"]

1. d4 Nf6 2. c4 d6 3. Nc3 e5 4.
Nf3 Nc6 5. g3 Be7 6. Bg2 O-O 7.
O-O a5 8. h3 h6 9. e3 Bf5 10. Re1 e4 11. Nd2 Re8 12. Ndxe4 Nxe4 13. Nxe4 d5 14. cxd5 Nb4 15. Nc3 Nc2 16. e4 Nxe1 17.
Qxe1 Bb4 18. Qe3 Bxc3 19. bxc3 Bxe4 20. Bxe4 f5 21. f3 Qe7 22. Bd2 fxe4 23. Re1 Qd7 24. fxe4 Qxh3 25. Qf3 Rf8 26. Qg2 Qg4 27. Bf4 Rac8 28.
e5 g5 29. Bd2 Rf3 30. Kh2 Rcf8 31. Re2 Qh5+ 32. Kg1 Rxg3 33. Qxg3 Qxe2 34. Qe1 Qg4+ 35. Kh2 Rf3 0-1

[Event "*** SCC Grand Prix: Titled Tuesday Blitz"]
[Site "Chess.com"]
[Date "2020.06.23"]
[Round "6"]
[White "Camels1981"]
[Black "yamalchess"]
[Result "0-1"]
[WhiteElo "2317"]
[BlackElo "2463"]
[TimeControl "180+1"]
[EndTime "11:06:15 PDT"]
[Termination "yamalchess won on time"]

1. e4 e5 2. Nf3 Nc6 3. Bc4 Nf6 4. d3 Bc5 5. h3 d5 6. exd5 Nxd5 7. O-O O-O 8. Nc3 Nxc3 9. bxc3 h6 10. Re1 Re8 11. Qe2 Bf5 12. Nd2 Bb6 13. Ne4 Qh4 14. Qf3 Bg6 15.
Kh2 Bh5 16. Qf5 Ne7 17. Qxe5 Ng6 18. Qg3 Qxg3+ 19. Kxg3 Ne5 20. Bb3 Rad8 21. f4 Nc6 22. f5 Kh8 23. Kf4 g5+ 24. Kg3 Kg7 25. Kh2 f6 26. g4 Bf7 27. Ba3 Ne5 28. Ng3 Nf3+ 29.
Kg2 Nxe1+ 30. Kf1 Nxd3 31. Nh5+ Bxh5 0-1

[Event "*** SCC Grand Prix: Titled Tuesday Blitz"]
[Site "Chess.com"]
[Date "2020.06.23"]
[Round "6"]
[White "sergeikim"]
[Black "ferdipy"]
[Result "0-1"]
[WhiteElo "2510"]
[BlackElo "2378"]
[TimeControl "180+1"]
[EndTime "11:06:16 PDT"]
[Termination "ferdipy won on time"]

1. d4 Nf6 2. c4 e6 3. Nc3 Bb4 4. Qc2 O-O 5. a3 Bxc3+ 6. Qxc3 c5 7. dxc5 Qc7 8. b4 a5 9. Bb2 b6 10. cxb6 Qxb6 11. b5 d6 12. Nf3 Bb7 13. e3 Nbd7 14. Be2 Rac8 15. Qd4 Nc5 16. O-O Rfd8 17. Qh4 e5 18. a4 h6 19. Rfd1 Be4 20. Nd2 Bc2 21. Rdc1 Bxa4 22. Bc3 Ra8 23. Ra3 Rdc8 24. Rca1 Bc2 25.
Bxa5 Qb7 26. Bb4 Rxa3 27. Rxa3 Ra8 28. Bxc5 dxc5 29. Rxa8+ Qxa8 30. h3 Qa1+ 31. Nf1 Qe1 32. Qg3 Ne4 33. Qf3 Nd2 34. Qa8+ Kh7 35. Qd5 Ne4 36.
Bd3 Bxd3 0-1

[Event "*** SCC Grand Prix: Titled Tuesday Blitz"]
[Site "Chess.com"]
[Date "2020.06.23"]
[Round "6"]
[White "politeplayer"]
[Black "SHIVACalypso"]
[Result "0-1"]
[WhiteElo "2166"]
[BlackElo "2349"]
[TimeControl "180+1"]
[EndTime "11:06:17 PDT"]
[Termination "SHIVACalypso won by resignation"]

1. e4 e6 2. d3 d5 3. Nd2 Nf6 4. Ngf3 Be7 5. g3 O-O 6. Bg2 c5 7. O-O Nc6 8. Re1 b5 9. e5 Nd7 10. Nf1 Bb7 11. h4 Qc7 12. Bf4 Rfc8 13. N1h2 Qd8 14.
Ng5 h6 15. Qh5 hxg5 16. hxg5 Nd4 17. Ng4 Nxc2 18. Kh2 Nxe1 19. Rxe1 Nf8 20. Nf6+ Bxf6 21. exf6 Ng6 22. Rh1 gxf6 23. Kg1 e5 24. Bd2 Kf8 25. gxf6 Qxf6 26. Bg5 Qe6 27. Qh6+ Ke8 28. Bh3 f5 29.
Qg7 Qf7 30. Qh6 Rc6 31. Kh2 Kd7 32. Re1 Rh8 33. Bxf5+ Qxf5 34. Qxh8 Nxh8 0-1

[Event "*** SCC Grand Prix: Titled Tuesday Blitz"]
[Site "Chess.com"]
[Date "2020.06.23"]
[Round "6"]
[White "Chepaschess"]
[Black "Beca95"]
[Result "1-0"]
[WhiteElo "2852"]
[BlackElo "2889"]
[TimeControl "180+1"]
[EndTime "11:06:18 PDT"]
[Termination "Chepaschess won on time"]

1. e4 c5 2. Nf3 Nc6 3. Bb5 e6 4. O-O Nge7 5. Re1 a6 6. Bf1 d5 7. exd5 Qxd5 8. a4 Nf5 9. Na3 Be7 10. Nc4 Qd8 11. a5 O-O 12. c3 Nd6 13. Nb6 Rb8 14.
Qb3 Bd7 15. d3 Nb5 16. Bf4 Nxa5 17. Qa2 Qxb6 18. Bxb8 Rxb8 19. Qxa5 Qd6 20. Ne5 Bd8 21. Qa2 Bc7 22. g3 Be8 23. Rad1 Qe7 24. Bg2 h5 25. h4 Qf6 26. Nc4 g6 27. Nd2 Qe7 28.
Ne4 Bc6 29. Qc4 Bb6 30. Ng5 Bd7 31. g4 hxg4 32. Qxg4 Nd6 33. h5 e5 34. Qg3 f6 35.
Ne4 g5 36. d4 cxd4 37. cxd4 Nf5 38. Qb3+ Be6 39. Qxb6 Nh4 40. dxe5 fxe5 41. Ng3 Rf8 42. Rxe5 1-0

[Event "*** SCC Grand Prix: Titled Tuesday Blitz"]
[Site "Chess.com"]
[Date "2020.06.23"]
[Round "6"]
[White "attack2mateU"]
[Black "Ermito2020"]
[Result "1-0"]
[WhiteElo "2674"]
[BlackElo "2494"]
[TimeControl "180+1"]
[EndTime "11:06:18 PDT"]
[Termination "attack2mateU won on time"]

1. e4 c6 2. Nc3 d5 3. Nf3 Bg4 4. h3 Bh5 5. exd5 cxd5 6. Bb5+ Nc6 7. g4 Bg6 8. Ne5 Rc8 9. d4 e6 10. Qe2 Bd6 11. h4 Bxe5 12. Qxe5 Qf6 13. Bxc6+ bxc6 14. h5 Qxe5+ 15. dxe5 Bxc2 16. Be3 c5 17. Rc1 Bd3 18. Na4 c4 19. Nc5 Ne7 20. Nxd3 cxd3 21. Rxc8+ Nxc8 22. Kd2 Kd7 23. Kxd3 Ne7 24. h6 g6 25. Bc5 Rb8 26.
b4 Nc6 27. Rb1 Nxe5+ 28. Ke2 a6 29. f3 Nc4 30. a4 Kc6 31. Kd3 e5 32. Be7 f5 33.
gxf5 gxf5 34. Rg1 e4+ 35. fxe4 fxe4+ 36. Kd4 Rb7 37. Rg7 e3 38. Kd3 d4 39. Bc5 1-0

[Event "*** SCC Grand Prix: Titled Tuesday Blitz"]
[Site "Chess.com"]
[Date "2020.06.23"]
[Round "6"]
[White "GeorgMeier"]
[Black "LuckIsMySkill"]
[Result "1-0"]
[WhiteElo "2908"]
[BlackElo "2716"]
[TimeControl "180+1"]
[EndTime "11:06:20 PDT"]
[Termination "GeorgMeier won on time"]

1. Nf3 c5 2. e4 d6 3. Bb5+ Bd7 4. Bxd7+ Qxd7 5. c4 g6 6. d4 Bg7 7. d5 b5 8. O-O bxc4 9. Na3 c3 10. bxc3 Bxc3 11. Rb1 Nf6 12. Nc4 O-O 13. Qd3 Bd4 14.
Nxd4 cxd4 15. Qxd4 Na6 16. Na5 Nc5 17. f3 Qc7 18.
Nc6 e5 19. Qc4 Nfd7 20. Bh6 Rfe8 21. Be3 Kg7 22. Qc2 Rac8 23. Rfc1 a5 24. a4 Na6 25.
Qd2 Nac5 26. Qd1 Ra8 27. Rb5 Ra6 28. Rcb1 Rb6 29. Rxb6 Nxb6 30. Bxc5 dxc5 31. Rb5 Nc4 32. Qb3 Nd6 33. Rxc5 Rc8 34. h3 Qd7 35. Kh1 f5 36.
Nxe5 1-0

[Event "*** SCC Grand Prix: Titled Tuesday Blitz"]
[Site "Chess.com"]
[Date "2020.06.23"]
[Round "6"]
[White "exoticprincess"]
[Black "Benjoneliere44"]
[Result "1-0"]
[WhiteElo "2782"]
[BlackElo "2550"]
[TimeControl "180+1"]
[EndTime "11:06:20 PDT"]
[Termination "exoticprincess won on time"]

1. e4 c5 2. c3 d6 3. d4 Nf6 4. Bd3 Nc6 5. Ne2 e5 6. d5 Ne7 7. a4 Ng6 8. Na3 Be7 9. O-O O-O 10. f3 Nh5 11. Nc4 Nhf4 12. Nxf4 Nxf4 13. Bxf4 exf4 14. e5 dxe5 15. d6 Bf6 16. Re1 g6 17. Be4 Rb8 18. Bd5 Kg7 19. Qb3 b6 20. Rad1 Ba6 21. Bc6 Bxc4 22. Qxc4 Qc8 23. Bb5 Qf5 24. Qd5 Rfd8 25. d7 g5 26. Bc4 Qg6 27. Qc6 e4 28. Qxe4 Qxe4 29. Rxe4 Kf8 30. Bb5 h6 31. Kf1 Kg7 32.
Rd6 Rb7 33. Re8 Rbb8 34. Ke2 a6 35. Bc6 b5 36. axb5 axb5 37. Kd3 c4+ 38. Ke4 b4 39. cxb4 Bxb2 40. b5 c3 41. Kd3 Ba3 42. Rd5 Bb4 43.
Rxd8 Rxd8 44. Re5 Kf6 45. Re8 Ba5 46. Kc2 h5 47. Kb3 g4 48. h3 gxh3 49. gxh3 h4 50. Kc2 Kf5 51. Re4 f6 52. Ra4 Bc7 53. Kxc3 Ke5 54.
Re4+ Kd6 55. Rxf4 Kc5 56. Rc4+ Kb6 57. Rxh4 Rg8 58. Rg4 Rh8 59. h4 f5 60. Ra4 Be5+ 61.
Kd3 Bc7 62. Ra6+ Kc5 63. Ra8 Rxh4 64. d8=Q Bxd8 65. Rxd8 1-0

[Event "*** SCC Grand Prix: Titled Tuesday Blitz"]
[Site "Chess.com"]
[Date "2020.06.23"]
[Round "6"]
[White "JoliyRoger"]
[Black "jlandaw"]
[Result "0-1"]
[WhiteElo "2294"]
[BlackElo "2556"]
[TimeControl "180+1"]
[EndTime "11:06:20 PDT"]
[Termination "jlandaw won on time"]

1. Nf3 Nf6 2. c4 e6 3. d4 b6 4. a3 Ba6 5. Qc2 d5 6. cxd5 exd5 7. Nc3 Bd6 8. g3 O-O 9. Bg2 Re8 10. O-O c5 11. Bg5 Be7 12. Rad1 Nbd7 13. Rfe1 h6 14.
Bxf6 Nxf6 15. Ne5 Bb7 16. Qa4 Qc7 17. Nf3 Bc6 18. Qc2 Rad8 19. e3 Bd6 20. Rc1 c4 21.
Rcd1 a5 22. Nh4 b5 23. Nf5 b4 24. Nxd6 Qxd6 25. axb4 axb4 26. Nb1 Ra8 27. Nd2 Ra1 28. Qb1 Rxb1 29. Rxb1 Ra8 30. Nf3 Ra2 31. Ne5 Ba4 32. Ra1 b3 33. Rab1 c3 34. bxc3 b2 35. c4 Bc2 36. Bf1 Bxb1 37. Rxb1 Qb8 38. Nc6 Qb3 39.
cxd5 Ra1 40. Bd3 Qxd3 0-1

[Event "*** SCC Grand Prix: Titled Tuesday Blitz"]
[Site "Chess.com"]
[Date "2020.06.23"]
[Round "6"]
[White "VMikhalevski"]
[Black "mishanick"]
[Result "1-0"]
[WhiteElo "2808"]
[BlackElo "2991"]
[TimeControl "180+1"]
[EndTime "11:06:22 PDT"]
[Termination "VMikhalevski won on time"]

1. d4 Nf6 2. Nf3 d5 3. c4 e6 4. e3 Be7 5. b3 O-O 6. Bb2 b6 7.
Nbd2 Bb7 8. Be2 c5 9. O-O cxd4 10. exd4 Nc6 11. Re1 Rc8 12. Bf1 Re8 13. Rc1 Bf8 14. Qc2 g6 15. Qb1 Bg7 16. Qa1 Rc7 17. c5 Nd7 18. a3 a5 19. Bb5 Na7 20. Bxd7 Rxd7 21. b4 Rc7 22. Bc3 axb4 23. axb4 Nb5 24. Ne5 bxc5 25. bxc5 Qa8 26. Ba5 Rcc8 27. Ndf3 Bc6 28. Bb6 Qb7 29. Qb2 Ra8 30. Re3 Bh6 31. Ng4 Bg7 32.
Rb3 Nc7 33. Nge5 Ba4 34. Rb4 f6 35. c6 Qc8 36. Nd3 Bf8 37. Bc5 Bb5 38. Bxf8 Bxd3 39.
Bd6 Ra6 40. Rb7 Na8 41. c7 1-0

[Event "*** SCC Grand Prix: Titled Tuesday Blitz"]
[Site "Chess.com"]
[Date "2020.06.23"]
[Round "6"]
[White "mmmflatbread"]
[Black "Semetey"]
[Result "1-0"]
[WhiteElo "2774"]
[BlackElo "2532"]
[TimeControl "180+1"]
[EndTime "11:06:22 PDT"]
[Termination "mmmflatbread won by resignation"]

1. Nf3 g6 2. e4 Bg7 3. d4 d6 4. Bc4 Nf6 5. Qe2 O-O 6. O-O Bg4 7. h3 Bxf3 8. Qxf3 Nfd7 9. c3 Nc6 10. Be3 e5 11. Rd1 exd4 12. cxd4 Nb4 13. Qe2 d5 14. exd5 Nb6 15. Nc3 N4xd5 16. Bb3 Re8 17. Qf3 c6 18. Ne4 Qe7 19. Nc5 Rab8 20. Rd3 h6 21. a3 Qc7 22.
Bd2 Rbd8 23. Rc1 Nc8 24. Ne4 Nce7 25. h4 Nf5 26. Bxd5 Rxd5 27. Nf6+ Bxf6 28. Qxd5 Bxh4 29. Qf3 Bf6 30. g4 Nxd4 31. Qxf6 Ne2+ 32. Kg2 Nxc1 33. Bxc1 Kh7 34. Bxh6 Qe5 35. Qxe5 Rxe5 36. Be3 b6 37.
Rd7 Ra5 38. Rxf7+ Kg8 39. Rc7 c5 40. Bh6 a6 41. Rg7+ Kh8 42. Rxg6 Rb5 43. Bf4 Kh7 44. Rh6+ Kg7 45. Rc6 Kf7 46. Be5 Rb3 47. g5 a5 48.
g6+ Ke7 49. g7 Kf7 50. Rc7+ 1-0

[Event "*** SCC Grand Prix: Titled Tuesday Blitz"]
[Site "Chess.com"]
[Date "2020.06.23"]
[Round "6"]
[White "davidkalashian"]
[Black "Diego_FloresQ"]
[Result "0-1"]
[WhiteElo "2633"]
[BlackElo "2491"]
[TimeControl "180+1"]
[EndTime "11:06:22 PDT"]
[Termination "Diego_FloresQ won on time"]

1. d4 Nf6 2. c4 c5 3. e3 cxd4 4. exd4 d5 5. Nc3 Nc6 6. Nf3 g6 7. cxd5 Nxd5 8. Bc4 Nxc3 9. bxc3 Bg7 10. O-O O-O 11.
Re1 Na5 12. Bf1 Be6 13. Ba3 Re8 14. Bb5 Bd7 15. Rb1 Rc8 16. Re3 Bxb5 17. Rxb5 Nc4 18. Rxb7 Nxa3 19. h4 Nc4 20. Re1 Nd6 21. Rxa7 Rxc3 22.
h5 Rc7 23. Ra4 Qd7 24. hxg6 hxg6 25. Rb4 Ra8 26. a4 Rc4 27. Rb6 Rcxa4 28. Ne5 Qa7 29. Rb1 Qxd4 30. Nc6 Qxd1 31. Nxe7+ Kf8 32. Rbxd1 Ra1 33.
Nc6 Rxd1 34. Rxd1 Ra1 35. Rxa1 Bxa1 36. Nb4 Ke7 37. Nc2 Bc3 38. g3 Ke6 39. Kg2 Kd5 40.
Ne3+ Ke4 41. Nf1 Kd3 42. Kf3 Bd4 43. Nh2 Ne4 0-1

[Event "*** SCC Grand Prix: Titled Tuesday Blitz"]
[Site "Chess.com"]
[Date "2020.06.23"]
[Round "6"]
[White "IsaacWiebe"]
[Black "m_ezat"]
[Result "0-1"]
[WhiteElo "2105"]
[BlackElo "2552"]
[TimeControl "180+1"]
[EndTime "11:06:22 PDT"]
[Termination "m_ezat won by resignation"]

1. d4 Nf6 2. c4 g6 3. Nc3 Bg7 4. e4 d6 5. Be2 O-O 6. Nf3 e5 7. O-O exd4 8. Nxd4 Re8 9. f3 c6 10. Nc2 a5 11. Rb1 a4 12. Ne3 Nh5 13. Nxa4 Nf4 14. b3 Be5 15. Bb2 Qg5 16. Bxe5 dxe5 17. Kh1 Ne6 18.
Nc2 Nd7 19. Qc1 Qe7 20. Nc3 Ndc5 21. Ne3 Nd4 22. Ng4 Bxg4 23. fxg4 Nxe2 24. Nxe2 Rxa2 25. Ng3 Qh4 26. Qe3 Ne6 27. Ra1 Rxa1 28. Rxa1 Qxg4 29. Qf3 Qg5 30. Rf1 Re7 31. Ne2 Rd7 32. Nc3 Nd4 33. Qf2 Nxb3 34. Ne2 Nd2 35. Rd1 Nxe4 36. Qe1 Rxd1 37.
Qxd1 Nf2+ 0-1

[Event "*** SCC Grand Prix: Titled Tuesday Blitz"]
[Site "Chess.com"]
[Date "2020.06.23"]
[Round "6"]
[White "gilbert_gm"]
[Black "ElviraBerend"]
[Result "1/2-1/2"]
[WhiteElo "2640"]
[BlackElo "2483"]
[TimeControl "180+1"]
[EndTime "11:06:22 PDT"]
[Termination "Game drawn by repetition"]

1. e4 e5 2. Nf3 Nc6 3. Bb5 Nf6 4.
O-O Nxe4 5. Re1 Nd6 6. Nxe5 Be7 7. Bf1 O-O 8. d4 Nf5 9. c3 d5 10. Nxc6 bxc6 11. Nd2 c5 12. Nf3 cxd4 13. Nxd4 Nxd4 14.
Qxd4 Be6 15. Bf4 c5 16. Qd2 a5 17. Rad1 a4 18. Be2 Qa5 19. Bf3 Rad8 20. b3 Qb5 21.
Qc2 axb3 22. axb3 d4 23. c4 Qb6 24. Be4 h6 25. Bh7+ Kh8 26. Bf5 Bxf5 27. Qxf5 Bf6 28. Rd3 Rde8 29. Red1 Re6 30. g3 Rfe8 31. Qd5 Kg8 32.
Ra1 Be5 33. Bd2 Bf6 34. Bf4 Be5 35. Bd2 Bf6 36. Rb1 Re5 37. Qf3 Qe6 38. Kg2 Rf5 39. Re1 Rxf3 40. Rxe6 Rxd3 41. Rxe8+ Kh7 42. Bf4 Rxb3 43.
Rc8 Be7 44. Rc7 Bf8 45. Rxf7 Kg8 46. Rd7 Rc3 47. Rd8 Kf7 48. Rd7+ Ke6 49. Rd8 Be7 50. Rg8 Kf7 51. Rc8 Rxc4 52. Kf3 Rc3+ 53. Ke4 Rc2 54. Rc7 Ke6 55. Rc6+ Kf7 56. Rc7 Ke6 57.
Rc6+ Kf7 58. Rc7 1/2-1/2

[Event "*** SCC Grand Prix: Titled Tuesday Blitz"]
[Site "Chess.com"]
[Date "2020.06.23"]
[Round "6"]
[White "ElusiveCat"]
[Black "shineatchess"]
[Result "1/2-1/2"]
[WhiteElo "2343"]
[BlackElo "2134"]
[TimeControl "180+1"]
[EndTime "11:06:22 PDT"]
[Termination "Game drawn by repetition"]

1. d4 Nf6 2. c4 e6 3. Nc3 d5 4. cxd5 exd5 5. Bg5 c6 6. e3 Be7 7. Bd3 Nbd7 8. Qc2 h6 9. Bf4 Nh5 10. Be5 Nxe5 11. dxe5 Qc7 12. f4 Qb6 13. Qe2 g6 14. Nf3 Bg4 15. O-O Nxf4 16. Qd2 Nxd3 17. Qxd3 Bxf3 18. gxf3 O-O-O 19. Rac1 d4 20. Na4 Qa5 21.
b3 Qxe5 22. e4 Qf4 23. Kh1 h5 24. Nc5 Bxc5 25. Rxc5 g5 26. Rf5 Qc7 27. b4 g4 28. f4 Rhe8 29. Rc1 Qe7 30. e5 Qxb4 31. Rxf7 Rd7 32. Qf5 Rd8 33. e6 Rxf7 34. Qxf7 d3 35. e7 Qe4+ 36. Kg1 Qe3+ 37. Kg2 Qe2+ 38. Kg1 Qe3+ 39.
Kg2 Qe2+ 40. Kg1 Qe3+ 1/2-1/2

[Event "*** SCC Grand Prix: Titled Tuesday Blitz"]
[Site "Chess.com"]
[Date "2020.06.23"]
[Round "6"]
[White "Batsai"]
[Black "vovachesss"]
[Result "1-0"]
[WhiteElo "2377"]
[BlackElo "2575"]
[TimeControl "180+1"]
[EndTime "11:06:23 PDT"]
[Termination "Batsai won by checkmate"]

1. e4 e5 2. Nf3 d5 3. exd5 e4 4. Qe2 Nf6 5. Nc3 Be7 6. Nxe4 O-O 7.
d3 Qxd5 8. g3 Nc6 9. Bg2 Bg4 10.
Qe3 Nb4 11. Qe2 Nc6 12. c3 Rad8 13. O-O Qxd3 14. Nxf6+ Bxf6 15. Qxd3 Rxd3 16. Be3 Rfd8 17. h3 Bf5 18. g4 Be4 19. Rfe1 Na5 20. Nd4 Bxg2 21.
Kxg2 Nc4 22. Rad1 Nxb2 23. Rb1 Na4 24. Rxb7 c5 25. Nf5 c4 26. Bd4 Bxd4 27. cxd4 g6 28. Nh6+ Kg7 29. g5 Rf8 30. Ree7 Rxd4 31. Rxf7+ Rxf7 32. Rxf7+ Kh8 33. Rf8+ Kg7 34. Rg8# 1-0

[Event "*** SCC Grand Prix: Titled Tuesday Blitz"]
[Site "Chess.com"]
[Date "2020.06.23"]
[Round "6"]
[White "ErikRonka"]
[Black "HanSchut"]
[Result "0-1"]
[WhiteElo "2380"]
[BlackElo "2216"]
[TimeControl "180+1"]
[EndTime "11:06:23 PDT"]
[Termination "HanSchut won by checkmate"]

1. e4 c5 2. Nf3 d6 3. d4 cxd4 4. Nxd4 Nf6 5. Nc3 a6 6. f3 e5 7. Nb3 Be6 8. Be3 h5 9. Nd5 Bxd5 10. exd5 Nbd7 11. Qd2 g6 12. Be2 Nb6 13. c4 Rc8 14. Rc1 Bg7 15. Na5 Qc7 16. b4 O-O 17. O-O e4 18. f4 Rfe8 19. h3 h4 20. f5 Nbd7 21. fxg6 fxg6 22. c5 Ne5 23. Nc4 Nxc4 24. Bxc4 Kh7 25.
Rf2 Qe7 26. Rcf1 Nh5 27. Rf7 Qe5 28. Rxb7 Rf8 29. Rxf8 Rxf8 30. c6 Qg3 31. Rxg7+ Kxg7 32. c7 Nf4 33. Bxf4 Rxf4 34. c8=Q e3 35. Qd7+ Kh6 36. Qe2 Rf2 37. Qeg4 Rxg2+ 38. Kf1 Qf2# 0-1

[Event "*** SCC Grand Prix: Titled Tuesday Blitz"]
[Site "Chess.com"]
[Date "2020.06.23"]
[Round "6"]
[White "Volodar_Murzin"]
[Black "Lenyas66"]
[Result "1-0"]
[WhiteElo "2710"]
[BlackElo "2509"]
[TimeControl "180+1"]
[EndTime "11:06:24 PDT"]
[Termination "Volodar_Murzin won on time"]

1. e4 e6 2. d4 d5 3. Nc3 Nf6 4. e5 Nfd7 5. f4 c5 6. Nf3 Nc6 7. Be3 h6 8. Qd2 g5 9. fxg5 cxd4 10. Nxd4 Ndxe5 11. Nxc6 Nxc6 12. g6 fxg6 13. Bd3 Qh4+ 14. g3 Qg4 15. O-O d4 16. Ne4 Bg7 17. Qf2 dxe3 18. Qf7+ Kd8 19. Qxg7 Re8 20. Rf4 Qh5 21. Nf6 Qe5 22. Nxe8 Qxg7 23. Nxg7 e5 24. Re4 Ke7 25. Rf1 Bd7 26. Rxe3 Rg8 27. Nf5+ gxf5 28. Bxf5 Bxf5 29. Rxf5 Ke6 30. Rf2 Rg5 31. c3 h5 32.
Kg2 a5 33. Kh3 b5 34. Rd2 1-0

[Event "*** SCC Grand Prix: Titled Tuesday Blitz"]
[Site "Chess.com"]
[Date "2020.06.23"]
[Round "6"]
[White "MartinCerveny"]
[Black "TheNextLevelFan"]
[Result "1/2-1/2"]
[WhiteElo "2665"]
[BlackElo "2502"]
[TimeControl "180+1"]
[EndTime "11:06:24 PDT"]
[Termination "Game drawn by agreement"]

1. d4 d5 2. c4 dxc4 3. Nf3 Nf6 4.
e3 e6 5. Bxc4 a6 6. O-O c5 7. a4 Nc6 8. Nc3 Be7 9. dxc5 Qxd1 10. Rxd1 Bxc5 11. h3 Bd7 12. e4 Na5 13. Ba2 Bc6 14. Re1 Bb4 15. e5 Nd5 16. Nxd5 Bxd5 17. Bd2 Bxd2 18. Nxd2 Bxa2 19. Rxa2 Rd8 20. b4 Nc6 21.
Rb2 Rd4 22. b5 axb5 23. axb5 Nb4 24. Nf3 Rc4 25. Reb1 Nd5 26. Ra1 Kd7 27. Ra7 Kc7 28. b6+ Nxb6 29. Nd2 Rc1+ 30. Kh2 Ra8 31. Rxa8 Nxa8 32. Ne4 Nb6 33. Nd6 Kc6 34. Nxf7 Nc4 35. Nd8+ Kd7 36. Rxb7+ Kxd8 37. Rxg7 Nxe5 38. Rxh7 Rc2 39.
f4 Nd7 40. Rg7 Ke8 41. h4 Nf6 42. Rg5 Kf7 43. h5 Ne4 44. Rg4 Rc5 45. Rh4 Nf6 46. g4 Nxg4+ 47. Rxg4 Rxh5+ 48. Kg3 Rb5 49. Kh4 Kf6 1/2-1/2

[Event "*** SCC Grand Prix: Titled Tuesday Blitz"]
[Site "Chess.com"]
[Date "2020.06.23"]
[Round "6"]
[White "dolynachess"]
[Black "DonPreuss"]
[Result "1-0"]
[WhiteElo "2447"]
[BlackElo "2188"]
[TimeControl "180+1"]
[EndTime "11:06:24 PDT"]
[Termination "dolynachess won by resignation"]

1. d4 Nc6 2. Nf3 d6 3. c4 e5 4. e3 g6 5. Nc3 Bg7 6. Be2 Nge7 7. O-O O-O 8. Rb1 f5 9. b4 e4 10. Nd2 Qe8 11. b5 Nd8 12. Nd5 Nxd5 13. cxd5 g5 14. Qc2 Bd7 15. Qxc7 Qe7 16. Ba3 Rf6 17. Nc4 Nf7 18.
Ne5 Rd8 19. Bh5 Nxe5 20. dxe5 Rh6 21. Bxd6 Rxd6 22. Qxd6 Qxd6 23. exd6 g4 24. Rfc1 Be5 25. Rc7 Bxd6 26. Rxb7 Kf8 27. h3 Bc5 28. hxg4 fxg4 29.
a4 Bb6 30. a5 Bxa5 31. Rxa7 Bb6 32. Rb7 Bc5 33. b6 Bd6 34. Rxd7 Rxd7 35. Bxg4 Rd8 36. b7 Rb8 37. Bc8 Ke7 38. g3 Kf6 39.
Kg2 Ke5 40. Rh1 Kxd5 41. Rxh7 Kc6 42. Rh6 Kc7 43. Rxd6 Kxd6 44. g4 Ke5 45. Kg3 1-0